 Dungeon Crawl Stone Soup version 0.27.1-1-g398f81649c (webtiles) character file.

Game seed: 10948002931664932808

4694 mediusvir the Cleaver (level 10, -2/86 HPs)
             Began as a Minotaur Berserker on Sept 21, 2021.
             Was an Elder of Trog.
             Slain by a white ugly thing (10 damage)
             ... on level 8 of the Dungeon on Sept 22, 2021.
             The game lasted 00:22:57 (8849 turns).

mediusvir the Cleaver (Minotaur Berserker)          Turns: 8849, Time: 00:22:57

Health: -2/86      AC: 16    Str: 25    XL:     10   Next: 21%
Magic:  9/9        EV:  8    Int:  4    God:    Trog [****..]
Gold:   320        SH: 16    Dex: 10    Spells: 9/9 levels left

rFire    . . .     SeeInvis +   s - +1 mace (protect)
rCold    . . .     Faith    .   j - +0 tower shield
rNeg     . . .     Spirit   .   c - +0 scale mail
rPois    .         Reflect  .   (helmet restricted)
rElec    .         Harm     .   (no cloak)
rCorr    +         Rampage  .   l - +0 pair of gloves
Will     .....                  (no boots)
Stlth    ..........             (no amulet)
HPRegen  0.24/turn              m - ring of resist corrosion
MPRegen  0.11/turn              u - ring of see invisible

@: about to teleport, under a protective aura
A: horns 2, retaliatory headbutt
a: Renounce Religion, Berserk, Trog's Hand, Brothers in Arms


You were on level 8 of the Dungeon.
You worshipped Trog.
Trog was greatly pleased with you.
You visited 1 branch of the dungeon, and saw 8 of its levels.

You collected 320 gold pieces.

Inventory:

Hand Weapons
 a - a +0 hand axe
 s - a +1 mace of protection (weapon)
Missiles
 t - 4 throwing nets (quivered)
Armour
 c - a +0 scale mail (worn)
 j - a +0 tower shield (worn)
 l - a +0 pair of gloves (worn)
 v - a +0 ring mail
Jewellery
 m - a ring of resist corrosion (left hand)
 u - a ring of see invisible (right hand)
Wands
 n - a wand of acid (7)
Scrolls
 d - 4 scrolls of blinking
 f - a scroll of fear
 g - 6 scrolls of identify
 h - a scroll of amnesia
 k - 2 scrolls of teleportation
 o - a scroll of holy word {unknown}
 w - a scroll of enchant weapon {unknown}
Potions
 b - a potion of flight {unknown}
 e - a potion of mutation {unknown}
 i - 2 potions of curing
 p - a potion of lignification {unknown}
 q - a potion of magic {unknown}
 r - 2 potions of ambrosia {unknown}


   Skills:
 + Level 7.5 Fighting
 - Level 8.7(10.2) Axes
 * Level 8.7(10.2) Maces & Flails
 + Level 8.7 Armour
 - Level 4.7 Dodging
 - Level 0.8 Stealth
 - Level 6.8 Shields


You had 9 spell levels left.
You didn't know any spells.
Your spell library was empty.

Dungeon Overview and Level Annotations

Branches:
Dungeon (8/15)             Temple (0/1) D:7
   Lair: D:8-11

Altars:
Fedhas
Ru

Shops:
D:3 =


Innate Abilities, Weirdness & Mutations

You have a pair of horns on your head.
You reflexively headbutt those who attack you in melee.


Message History

You sock the white ugly thing!
The white ugly thing is heavily wounded.
You block the white ugly thing's attack.
You closely miss the white ugly thing.
The white ugly thing is heavily wounded.
You block the white ugly thing's attack.
The white ugly thing closely misses you.
You sock the white ugly thing!
The white ugly thing is heavily wounded.
You block the white ugly thing's attack.
You hit the white ugly thing but do no damage.
The white ugly thing is heavily wounded.
The white ugly thing tentacle-slaps you.
The white ugly thing freezes you!!
You thump the white ugly thing!
The white ugly thing is severely wounded.
You block the white ugly thing's attack.
You closely miss the white ugly thing.
Your headbutt misses the white ugly thing.
The white ugly thing is severely wounded.
The white ugly thing tentacle-slaps you!
The white ugly thing freezes you!!
* * * LOW HITPOINT WARNING * * *
You hit the white ugly thing but do no damage.
The white ugly thing is severely wounded.
You block the white ugly thing's attack.
The white ugly thing tentacle-slaps you but does no damage.
You hit the white ugly thing. You headbutt the white ugly thing.
The white ugly thing is severely wounded.
You block the white ugly thing's attack.
Unknown command.
Okay, then.
As you read the scroll of teleportation, it crumbles to dust.
You feel strangely unstable.
The white ugly thing tentacle-slaps you.
* * * LOW HITPOINT WARNING * * *
The white ugly thing freezes you!
* * * LOW HITPOINT WARNING * * *
The white ugly thing tentacle-slaps you!
You die...

#####
#...####
#.♣.uyo#
#.♣@#Y.(+
#.♣.######
#........#
########.##
##
♣♣...♣...♣..
#♣..♣...#...♣
#.♣♣♣♣♣#.#♣♣♣
#♣..♣..)#...♣
♣♣...♣†))♣..


You could see a white ugly thing, an orc warrior and a killer bee.

Vanquished Creatures
  Harold (D:7)
  The ghost of Captinkiss the Thaumaturge, a novice DEFE of Vehumet (D:7)
  Joseph (D:8)
  Grinder (D:6)
  Sigmund (D:2)
  Menkaure (D:6)
  A water moccasin (D:7)
  An orc warrior (D:8)
  2 necrophages
  5 black bears
  An ice beast (D:6)
  2 ogres
  A centaur (D:5)
  A kobold brigand (D:8)
  Blork the orc (D:4)
  2 bullfrogs (D:8)
  2 scorpions
  A wyvern zombie (D:7)
  A water moccasin zombie (D:5)
  6 killer bees
  A howler monkey (D:6)
  3 jellies (D:5)
  A bullfrog skeleton (D:7)
  A centaur skeleton (D:5)
  2 hounds
  An orc priest (D:6)
  Jessica (D:2)
  5 iguanas
  5 orc wizards
  2 killer bee zombies
  A hound skeleton (D:4)
  Robin (D:2)
  6 adders
  8 gnolls
  2 shadow imps
  An ufetubus (D:4)
  A worm (D:3)
  A dart slug (D:3)
  26 orcs
  10 ball pythons
  6 endoplasms
  5 giant cockroaches
  16 goblins
  14 hobgoblins
  7 jackals
  6 kobolds
  5 quokkas
  7 bats
  3 frilled lizards
  3 rats (D:1)
184 creatures vanquished.

Notes
Turn   | Place    | Note
-------+----------+-------------------------------------------
     0 | D:1      | mediusvir the Minotaur Berserker began the quest for the
                  | Orb.
     0 | D:1      | Reached XP level 1. HP: 19/19 MP: 0/0
   239 | D:1      | Reached XP level 2. HP: 27/27 MP: 1/1
   697 | D:1      | Reached XP level 3. HP: 33/33 MP: 2/2
   737 | D:1      | Reached ** piety under Trog
   950 | D:2      | Noticed Sigmund
   963 | D:2      | Killed Sigmund
   964 | D:2      | Reached skill level 5 in Axes
   964 | D:2      | Reached skill level 1 in Shields
   964 | D:2      | Reached XP level 4. HP: 41/41 MP: 3/3
   964 | D:2      | Reached XP level 5. HP: 47/47 MP: 4/4
  1042 | D:2      | Noticed Jessica
  1055 | D:2      | Killed Jessica
  1136 | D:2      | Noticed Robin
  1151 | D:2      | Killed Robin
  1717 | D:2      | Reached XP level 6. HP: 50/55 MP: 5/5
  2136 | D:3      | Reached *** piety under Trog
  3154 | D:3      | Found Badasotu's Jewellery Boutique.
  3576 | D:4      | Noticed Blork the orc
  3592 | D:4      | Killed Blork the orc
  3901 | D:4      | Reached skill level 5 in Fighting
  3910 | D:4      | Reached skill level 5 in Armour
  4241 | D:4      | Reached XP level 7. HP: 55/61 MP: 6/6
  4487 | D:5      | Entered Level 5 of the Dungeon
  5198 | D:4      | Reached XP level 8. HP: 59/69 MP: 7/7
  5467 | D:5      | Reached **** piety under Trog
  5929 | D:5      | Reached skill level 5 in Shields
  6634 | D:6      | Noticed Grinder
  6638 | D:6      | Noticed Menkaure
  6641 | D:6      | Paralysed by Grinder for 2 turns
  6648 | D:6      | Killed Menkaure
  6650 | D:6      | Killed Grinder
  6651 | D:6      | Reached XP level 9. HP: 73/75 MP: 8/8
  6765 | D:6      | Found a blossoming altar of Fedhas.
  7622 | D:7      | Reached skill level 1 in Maces & Flails
  7667 | D:7      | Noticed Harold
  7668 | D:7      | Found a sacrificial altar of Ru.
  7677 | D:7      | Killed Harold
  7678 | D:7      | Reached skill level 5 in Maces & Flails
  7783 | D:7      | Found a staircase to the Ecumenical Temple.
  8017 | D:7      | Found a runed translucent door.
  8026 | D:7      | Noticed Captinkiss's ghost (novice DEFE)
  8043 | D:7      | Killed Captinkiss's ghost
  8044 | D:7      | Reached XP level 10. HP: 86/86 MP: 9/9
  8742 | D:8      | Noticed Joseph
  8756 | D:8      | Killed Joseph
  8833 | D:8      | Noticed a white ugly thing
  8849 | D:8      | Slain by a white ugly thing

Illustrated notes

Levels and vault maps discovered:
D:1:      dpeg_arrival_another_circle, layout_loops_ring, grunt_decor_cap,
          minmay_heptomino_h4
D:2:      layout_basic, grunt_ministairs_4, st_stairs_3, corexii_shack,
          uniq_sigmund, uniq_robin, uniq_jessica
D:3:      layout_basic, chequers_ecumenical_altar_grove, serial_shops, shop,
          columned_hall_lemuel
D:4:      layout_loops_ring, chequers_serial_rivers_marsh, uniq_blork_the_orc
D:5:      layout_loops_cross, chequers_serial_rivers_room_b, st_stairs_2
D:6:      layout_rooms, kennysheep_little_box, uniq_grinder, uniq_menkaure
D:7:      layout_loops_corners, mainiacjoe_overflow_small_starburst,
          minmay_temple_entry_antechambers, ebering_ghost_reflecting_pool,
          uniq_harold
D:8:      nzn_winding_woodlands_stair_cross
          [nzn_winding_woodlands_5x15_river_crossing,
          nzn_winding_woodlands_center_garden,
          nzn_winding_woodlands_5x15_concentric,
          nzn_winding_woodlands_5x5_default,
          nzn_winding_woodlands_5x5_closed_star,
          nzn_winding_woodlands_5x15_twine, nzn_winding_woodlands_center_lodge,
          nzn_winding_woodlands_5x15_longhouse], layout_cave_pools,
          lemuel_coloured_pillars_altar,
          chequers_temple_overflow_statue_of_worship,
          hellmonk_bongcloud_opening, uniq_joseph

Skill      XL: |  1  2  3  4  5  6  7  8  9 10 |
---------------+-------------------------------+-----
Fighting       | 4 5 6 7 |  7.5
Axes           | 4 5 6 7 8 |  8.7
Armour         | 3 4 5 6 7 8 |  8.7
Dodging        | 3 4 |  4.7
Shields        | 1 2 4 6 |  6.8
Maces & Flails | 7 8 |  8.7
Stealth        | |  0.8

Action                   |  1- 3 |  4- 6 |  7- 9 | 10-12 || total
-------------------------+-------+-------+-------+-------++-------
Melee: Hand axe          |    74 |   150 |   194 |       ||   418
       Headbutt          |     7 |    26 |    59 |     6 ||    98
       Mace              |       |       |    76 |    48 ||   124
Invok: Berserk           |     1 |     3 |     8 |     1 ||    13
       Trog's Hand       |     1 |       |       |     1 ||     2
  Use: Scroll            |       |     2 |     2 |     1 ||     5
       Potion            |       |     1 |       |       ||     1
Armor: Scale mail        |    33 |    76 |   127 |    33 ||   269
Dodge: Dodged            |    37 |    82 |    83 |    16 ||   218
Block: Buckler           |     8 |    16 |       |       ||    24
       Tower shield      |       |    84 |   288 |    68 ||   440
